 Dungeon Crawl Stone Soup version 0.30-a0-339-g89bb51ec76 (webtiles) character file.

Game seed: 14479326516025822752

1 flotson the Sneak (level 1, -3/18 HPs)
             Began as a Demonspawn Delver on Oct 31, 2022.
             Killed from afar by an orc wizard (8 damage)
             ... with a puff of flame
             ... on level 3 of the Dungeon.
             The game lasted 00:00:31 (76 turns).

flotson the Sneak (Demonspawn Delver)                 Turns: 76, Time: 00:00:31

Health: -3/18      AC:  3    Str: 12    XL:     1   Next: 16%
Magic:  1/1        EV: 11    Int: 11    God:
Gold:   9          SH:  0    Dex: 14    Spells: 0/0 levels left

rFire   . . .      SeeInvis .    a - +0 hand axe
rCold   . . .      Faith    .    (no shield)
rNeg    . . .      Spirit   .    b - +0 leather armour
rPois   .          Reflect  .    (no helmet)
rElec   .          Harm     .    (no cloak)
rCorr   .          Rampage  .    (no gloves)
Will    .....                    (no boots)
Stlth   ++........               (no amulet)
HPRegen 0.23/turn                (no ring)
MPRegen 0.07/turn                (no ring)

@: no status effects
A: no striking features
a: no special abilities


You were on level 3 of the Dungeon.
You visited 1 branch of the dungeon, and saw 3 of its levels.

You collected 9 gold pieces.

Inventory:

Hand Weapons
 a - a +0 hand axe (weapon)
Armour
 b - a +0 leather armour (worn)
Magical Staves
 h - a staff of cold
Wands
 g - a wand of digging (3)
Scrolls
 c - a scroll of fog
 e - a scroll of fear
Potions
 f - a potion of haste


   Skills:
 + Level 3.0 Fighting
 - Level 1.7 Axes
 + Level 0.0 Armour
 + Level 1.8 Dodging
 - Level 4.5 Stealth
 + Level 0.1 Evocations


You couldn't memorise any spells.
You didn't know any spells.
Your spell library was empty.

Dungeon Overview and Level Annotations

Branches:
Dungeon (5/15)
 Temple: D:4-7

Altars:


Message History

The goblin is moderately wounded.
The goblin hits you but does no damage.
You closely miss the goblin.
The goblin is moderately wounded.
The goblin hits you with a +0 dagger. The scorpion closely misses you.
The scorpion attacks as you move away! The scorpion stings you.
The scorpion closely misses you. The scorpion attacks as you move away!
The scorpion stings you. The goblin attacks as you move away!
The goblin hits you with a +0 dagger. The goblin attacks as you move away!
The goblin hits you but does no damage.
There is an escape hatch in the ceiling here.
The goblin hits you with a +0 dagger. The scorpion stings you.
A mysterious force pulls you upwards. The hatch slams shut behind you.
Found a leather armour.
Found a scroll labelled QEINEN NECW.
You closely miss the goblin. The goblin hits you but does no damage.
The goblin barely misses you.
You barely miss the goblin. The goblin hits you but does no damage.
You hit the goblin.
You kill the goblin!
Things that are here:
a +0 dagger; a goblin corpse An orc comes into view.
It is wielding a +0 dagger.
The orc shouts!
You hear a shout! x2
An orc wizard comes into view. It is wielding a +0 dagger.
A goblin comes into view. It is wielding a +0 club.
As you read the scroll of magic mapping, it crumbles to dust.
You feel aware of your surroundings.
You sensed 2 altars.
An orc comes into view. It is wielding a +0 trident.
The orc hits you but does no damage. The orc attacks as you move away!
The orc hits you but does no damage. The orc attacks as you move away!
The orc hits you with a +0 dagger. The orc attacks as you move away!
The orc hits you with a +0 dagger.
The orc wizard points at you and mumbles some strange words.
The magic dart hits you.
You open the door. The orc hits you with a +0 dagger.
* * * LOW HITPOINT WARNING * * *
The orc wizard gestures at you while chanting.
The puff of flame hits you!
You die...

,,,,* *,,,,,,,**** #[...#
,,,,* *,,,,,,,*######o...#
** ,,,,*
*********#.........# *,
,,,,** #...og...## *, ,,,,,*
#...)....# *, ,,,*,**
#........# *,
****,,*********#........# *,
**,,,,**,,,,#o.......# **
****,**,**,#@.......# ****
*,**,*#.'........# ,,,*
*,,,,*###.......?# ,,,*
*,,,,* #........#
,,,*****,**,** #........#***
****
,,,+,,,,,**,,**####.....,,,*
*,,,
,,,*,,,,***,,,,,,,,.....,,,*
*,,, ,,,*,,,,*
*,****,**#####,,,* *,,,
**,*,,*,***,* *,,* *,,,*
*,,,


You could see an orc wizard, 2 orcs and a goblin.

Vanquished Creatures
  A goblin (D:3)
1 creature vanquished.

Notes
Turn   | Place    | Note
-------+----------+-------------------------------------------
     0 | D:5      | flotson the Demonspawn Delver began the quest for the Orb.
     0 | D:5      | Reached XP level 1. HP: 18/18 MP: 1/1
    33 | D:4      | Noticed a scorpion
    67 | D:3      | Noticed an orc wizard
    76 | D:3      | Killed from afar by an orc wizard

Illustrated notes

Levels and vault maps discovered:
D:3:      layout_basic, nicolae_overflow_crystal_walls,
          hellmonk_ecumenical_altar_lost_god, uniq_sigmund
D:4:      layout_loops_ring, minmay_misc_feat_tiny, minmay_misc_feat_square,
          wad_rectangle_vault
D:5:      layout_cave_pools, trog_hazing_becter, tso_altar,
          hangedman_decor_riveting

Action                   || total
-------------------------++-------
Melee: Hand axe          ||     7
  Use: Scroll            ||     1
Armor: Leather armour    ||     6
Dodge: Dodged            ||     5

Table legend: (Time is in decaauts)
 A = Elapsed time spent in this place.
 B = Non-inter-level travel time spent in this place.
 C = Inter-level travel time spent in this place.
 D = Time resting spent in this place.
 E = Time spent auto-exploring this place.
 F = Levels seen in this place.
 G = Mean time per level.
                   A        B        C        D        E       F      G
               +--------+--------+--------+--------+--------+-----+--------+
         Total |     76 |     76 |      0 |      0 |     22 |   3 |   25.3 |
       Dungeon |     76 |     76 |      0 |      0 |     22 |   3 |   25.3 |
               +--------+--------+--------+--------+--------+-----+--------+

Top non-repeatable levels by time:
     D:4: 32 daAuts
     D:3: 25 daAuts
     D:5: 19 daAuts
